AoeStats
← Ustankim

Nomad

508196270Analyzed
4v4 RM · 12d ago on Sep 21, 2026· 55m 23s· 8 players
Game mode
Random Map
Map size
231×231
Population
200
Speed
Normal
Resources
Standard
Victory
Conquest
Starting age
Dark Age
Ending age
Imperial Age
RankedLock teamsTeams togetherTeam positionsShared explorationLock speedFull tech treeHidden civsTurbo modeCheats
Victory
Defeat
🇯🇵 Malay · Japan
1246
+12
🇬🇧 Britons · United Kingdom
1235
+13
🇯🇵 Muisca · Japan
1227
+13
🇯🇵 Bengalis · Japan
1208
+14
1238
-16
🇩🇰 Teutons · Denmark
1160
-13
🇹🇷 Mongols · Türkiye
1136
-12
🇨🇳 Wu · China
1114
-11
江泽民胡锦涛习近平
6:11 Loom
6:17 Loom
13:39 Feudal Age
14:33 Double-Bit Axe
19:49 Castle Age
17:54 Stone Mining
20:16 Horse Collar
21:35 Bow Saw
23:47 Wheelbarrow
25:34 Stone Shaft Mining
26:17 Scale Barding Armor
30:42 Imperial Age
30:48 Imperial Age
28:29 Heavy Plow
29:24 Forging
30:09 Husbandry
30:29 Gold Mining
31:14 Chain Barding Armor
32:11 Iron Casting
32:11 Light Cavalry
32:52 Fletching
33:35 Conscription
34:11 Bodkin Arrow
37:23 Plate Barding Armor
40:29 Gold Shaft Mining
Ustankim
3:52 Loom
15:53 Feudal Age
17:33 Double-Bit Axe
21:36 Castle Age
19:46 Horse Collar
20:31 Forging
20:27 Scale Barding Armor
21:14 Bloodlines
22:01 Fletching
27:33 Heavy Plow
37:02 Imperial Age
40:19 Crop Rotation
41:17 Bow Saw
43:07 Cavalier
44:33 Wheelbarrow
FALCON
7:15 Loom
14:41 Feudal Age
15:25 Fishing Lines
19:22 Castle Age
19:01 Stone Mining
19:01 Gold Mining
24:39 Double-Bit Axe
28:11 Wheelbarrow
29:29 Fletching
30:38 Horse Collar
32:03 Bodkin Arrow
33:12 Heavy Plow
33:57 Gold Shaft Mining
37:03 Imperial Age
35:42 Padded Archer Armor
36:10 Ballistics
37:51 Bracer
38:54 Chemistry
38:04 Siege Engineers
38:55 Stone Shaft Mining
39:52 Parthian Tactics
39:33 Thumb Ring
39:54 Conscription
39:24 Elite Mangudai
41:26 Bow Saw
44:54 Hand Cart
46:59 Elite Steppe Lancer
叽里咕噜说啥呢
8:17 Loom
14:00 Feudal Age
14:40 Double-Bit Axe
21:10 Castle Age
19:31 Forging
20:33 Scale Mail Armor
22:50 Medium Warships
23:43 Fishing Lines
24:39 Iron Casting
24:20 Chain Mail Armor
31:58 Imperial Age
30:12 Red Cliffs Tactics
33:28 Squires
34:49 Bow Saw
34:44 Fletching
34:54 Padded Archer Armor
35:20 Stone Mining
35:21 Gold Mining
36:11 Conscription
36:49 Bodkin Arrow
37:21 Ballistics
39:46 Wheelbarrow
41:18 Chemistry
39:59 Treadmill Crane
40:57 Bracer
44:30 Hand Cart
Oliver
5:16 Loom
14:39 Feudal Age
15:26 Double-Bit Axe
15:24 Fishing Lines
19:03 Castle Age
17:29 Fletching
17:38 Stone Mining
18:07 Town Watch
20:56 Bow Saw
21:39 Bodkin Arrow
23:09 Medium Warships
27:34 Ballistics
27:05 Horse Collar
29:19 Wheelbarrow
30:39 Gold Mining
30:57 Gillnets
32:21 Padded Archer Armor
35:08 Imperial Age
32:52 Scale Mail Armor
33:02 Forging
33:07 Pikeman
34:31 Treadmill Crane
35:09 Leather Archer Armor
36:42 Conscription
36:41 Masonry
37:32 Chemistry
38:25 Bracer
38:21 Halberdier
41:42 Warwolf
42:33 Ring Archer Armor
42:19 Chain Mail Armor
42:14 Forging
42:31 Elite Longbowman
44:20 Gold Shaft Mining
45:28 Yeomen
46:12 Siege Engineers
49:03 Sappers
50:08 Hoardings
53:42 Spies/Treason
55:13 Heavy Warships
baoh59
12:49 Loom
14:48 Feudal Age
16:48 Double-Bit Axe
17:49 Gold Mining
20:03 Castle Age
18:51 Stone Mining
20:30 Crossbowman
21:16 Padded Archer Armor
22:32 Bow Saw
22:04 Horse Collar
25:24 Fletching
26:25 Heavy Plow
31:17 Wheelbarrow
33:26 Gold Shaft Mining
33:26 Stone Shaft Mining
35:26 Imperial Age
33:13 Scale Mail Armor
33:48 Leather Archer Armor
34:25 Town Watch
34:41 Bodkin Arrow
35:32 Herbalism
36:11 Chain Mail Armor
36:06 Forging
36:43 Conscription
35:55 Arbalester
36:14 Capped Ram
38:22 Bracer
38:44 Thumb Ring
40:01 Hand Cart
40:57 Two-Man Saw
42:16 Champi Runner
43:09 Champi Warrior
44:20 Plate Mail Armor
45:11 Elite Skirmisher
46:10 Elite Champi Warrior
47:27 Iron Casting
49:24 Squires
49:45 Elite Guecha Warrior
51:02 Hoardings
52:53 Chemistry
51:59 Siege Engineers
54:17 Ballistics
54:08 Spies/Treason
56:04 Huaracas
55:56 Murder Holes
56:12 Masonry
55:43 Treadmill Crane
persimmon
7:36 Loom
14:28 Feudal Age
15:23 Gold Mining
23:03 Castle Age
21:43 Stone Mining
21:57 Double-Bit Axe
23:04 Wheelbarrow
22:59 Medium Warships
25:58 Horse Collar
30:55 Forging
30:57 Fletching
33:51 Pikeman
35:11 Iron Casting
40:18 Imperial Age
39:17 Gold Shaft Mining
39:42 Squires
41:09 Blast Furnace
40:38 Bow Saw
40:48 Halberdier
41:01 Capped Ram
46:04 Bodkin Arrow
46:36 Forced Levy
48:01 Scale Barding Armor
47:57 Bracer
49:43 Elite Battle Elephant
49:58 Elite Skirmisher
52:38 Elite Karambit Warrior
makky
7:53 Loom
14:30 Feudal Age
18:38 Castle Age
16:48 Stone Mining
19:10 Fletching
19:15 Double-Bit Axe
19:11 Horse Collar
19:55 Bodkin Arrow
20:35 Medium Warships
23:02 Bow Saw
34:17 Scale Barding Armor
34:15 Padded Archer Armor
39:07 Imperial Age
37:13 Wheelbarrow
37:26 Leather Archer Armor
37:18 Paiks
39:31 Bloodlines
39:22 Husbandry
40:33 Elite Ratha (Ranged)
42:27 Ring Archer Armor
44:32 Bracer
45:04 Heavy Plow
47:54 Gold Mining
51:07 Two-Man Saw
50:20 Forging
51:18 Chemistry
50:40 Ballistics
51:53 Conscription
52:47 Iron Casting
54:03 Siege Elephant
Connection lost

Rejoining the realm…

Still unreachable

The connection could not be restored.

Session expired

The server has moved on; the page needs a fresh start.